 Dungeon Crawl Stone Soup version 0.17.2 (webtiles) character file.

31000 Goblin1989 the Grappler (level 13, -8/103 HPs)
             Began as a Demonspawn Gladiator on June 23, 2016.
             Was the Champion of Nemelex Xobeh.
             Mangled by an eight-headed hydra (10 damage)
             ... on level 4 of the Lair of Beasts.
             The game lasted 01:14:56 (21269 turns).

Goblin1989 the Grappler (Demonspawn Gladiator)     Turns: 21269, Time: 01:14:56

Health: -8/103     AC: 23    Str: 20    XL:     13   Next: 23%
Magic:  0/17       EV:  7    Int:  8    God:    Nemelex Xobeh [******]
Gold:   1320       SH:  0    Dex: 14    Spells: 2 memorised, 7 levels left

rFire  + . .     SeeInvis .     S - +1 scimitar (flame)
rCold  + . .     Clarity  .     E - +1 plate armour {rF+}
rNeg   + . .     SustAt   +     (no shield)
rPois  +         Gourm    .     c - +1 helmet
rElec  +         Spirit   +     b - +0 cloak
rCorr  .         Warding  +     (gloves unavailable)
rMut   .         Stasis   .     (no boots)
MR     .....                    t - amulet of warding {Ward, rN+, !d}
Stlth  ..........               Q - +2 ring of protection
                                T - ring of sustain attributes

@: not resistant to hostile enchantments, extremely unstealthy
A: claws 3, slimy green scales 1, breathe flames 1, cold resistance 1,
deterioration 1, dopey 1, foul stench 1, poison resistance, screaming 1,
electricity resistance, wild magic 2, magic shield, magic regeneration, magic
link, rot immunity
a: Triple Draw, Deal Four, Stack Five, Renounce Religion, Breathe Fire


You were on level 4 of the Lair of Beasts.
You worshipped Nemelex Xobeh.
Nemelex Xobeh was exalted by your worship.
You were not hungry.

You visited 3 branches of the dungeon, and saw 17 of its levels.
You also visited: Ossuary and Ice Cave.

You collected 1320 gold pieces.

Inventory:

Hand Weapons
 S - a +1 scimitar of flaming (weapon)
Missiles
 d - 4 throwing nets {=f, !d}
Armour
 b - a +0 cloak (worn)
 c - a +1 helmet (worn)
 E - a +1 plate armour of fire resistance (worn)
Jewellery
 t - an amulet of warding (around neck) {Ward, rN+, !d}
 Q - a +2 ring of protection (right claw)
 T - a ring of sustain attributes (left claw)
Wands
 h - a wand of teleportation (3)
 u - a wand of teleportation (3)
 F - a wand of digging (20)
Scrolls
 a - 3 scrolls of enchant weapon
 j - 2 scrolls of fear
 k - 2 scrolls of amnesia
 l - 9 scrolls of teleportation
 n - 3 scrolls of immolation {!r}
 w - 2 scrolls of remove curse
 x - 6 scrolls of identify
 D - 3 scrolls of magic mapping {!r}
 I - 2 scrolls of fog
Potions
 e - a potion of brilliance
 f - a potion of lignification {unknown}
 g - 8 potions of curing
 A - 3 potions of flight
 B - 2 potions of haste
 G - a potion of resistance
 J - a potion of might
 K - a potion of ambrosia {!q}
 M - 3 potions of heal wounds
 U - a potion of cure mutation {!q}
Miscellaneous
 i - an ornate deck of war
 m - an ornate deck of escape
 o - a plain deck of war {drawn: 5}
 r - an ornate deck of escape
 s - a lamp of fire
 y - a plain deck of escape
 z - a plain deck of escape
 H - a plain deck of escape {drawn: 3}
 L - a plain deck of destruction {drawn: 8}
 N - an ornate deck of destruction
 R - a plain deck of war
 V - an ornate deck of escape
 W - a plain deck of destruction
 Z - a legendary deck of war
Comestibles
 p - 5 fruits
 q - 9 royal jellies
 v - 2 beef jerkies
 O - 8 bread rations


   Skills:
 - Level 10.2 Fighting
   Level 3.2 Polearms
 - Level 1.7 Throwing
 * Level 10.1 Armour
 - Level 2.6 Dodging
 + Level 11.8 Unarmed Combat
   Level 10.4 Conjurations
 * Level 5.6 Evocations


You had 7 spell levels left.
You knew the following spells:

 Your Spells              Type           Power        Failure   Level  Hunger
a - Apportation           Tloc           #.........   100%        1    ##.....
b - Passage of Golubria   Tloc           N/A          100%        4    #####..


Dungeon Overview and Level Annotations

Branches:
Dungeon (11/15)            Temple (0/1) D:7            Lair (4/8) D:11
    Orc (2/4) D:10
  Swamp: Lair:3-6    Shoals: Lair:3-6     Snake: Lair:3-6    Spider: Lair:3-6

Altars:
Ashenzari
Dithmenos
Makhleb
Nemelex Xobeh
Sif Muna
Trog
Yredelemnul
Zin

Shops:
D:9 }

Annotations:
D:6 Menkaure


Innate Abilities, Weirdness & Mutations

You have claws for hands.
You are partially covered in slimy green scales (AC +2).
You may emit foul miasma when damaged in melee.
When hurt, damage is shared between your health and your magic reserves.
You regenerate magic rapidly.
When low on magic, you restore magic in place of health.
You are immune to rotting.
You can breathe flames.
Your flesh is cold resistant.
Your body sometimes deteriorates upon taking damage.
You are dopey. (Int -2)
Your system is resistant to poisons.
You occasionally shout uncontrollably at your foes.
You are resistant to electric shocks.
Your spells are harder to cast, but more powerful.


Message History

The eight-headed hydra bites you but does no damage. x2
The eight-headed hydra bites you!
* * * LOW HITPOINT WARNING * * *
The eight-headed hydra bites you but does no damage.
The eight-headed hydra barely misses you.
You take 14 damage, and have 17/103 hp.
You now have 2/17 mp.
You regained 2 mp, and now have 4/17 mp.
The eight-headed hydra bites you!
* * * LOW HITPOINT WARNING * * *
The eight-headed hydra bites you.
* * * LOW HITPOINT WARNING * * *
The eight-headed hydra barely misses you.
The eight-headed hydra bites you but does no damage.
The eight-headed hydra bites you!
* * * LOW HITPOINT WARNING * * *
The eight-headed hydra bites you.
The eight-headed hydra bites you but does no damage.
The eight-headed hydra bites you!
You die...
Your body glows slightly and disappears.

l.....##....# .##......
......##.>..# .....#......... ..#
##......# #..............
.####.....### #......P......
...##.....### #........)....
....†.......#########.........##.
....†........#.#.##.#...#.......#
#.##.......†.....................
######.........D@................
#.....##..........P####......
##.#######[...##..## #.#...#. ##.
##.####.## #......# # ### ###
##^#.#.# #.###### ##


You could see an eight-headed hydra.

Vanquished Creatures
  Erica (Orc:1)
  A catoblepas (Lair:3)
  2 hill giants (D:11)
  A necromancer (IceCv)
  2 ugly things (D:11)
  An orc knight (Orc:2)
  4 black mambas
  3 ice statues (IceCv)
  Psyche (D:9)
  6 spiny frogs
  2 komodo dragons
  The ghost of Goblin1989 the Cudgeler, a novice GrFi of Makhleb (D:8)
  A fire drake (Lair:2)
  5 blue devils (IceCv)
  A troll (D:11)
  A two-headed ogre (D:8)
  2 blink frogs (Lair:4)
  A trapdoor spider zombie (D:11)
  6 hippogriffs
  37 yaks
  A deep elf mage (D:9)
  2 steam dragons
  6 wargs
  Edmund (D:6)
  2 water moccasins (Lair:3)
  2 sky beasts
  8 orc warriors
  4 phantoms
  A necrophage (D:8)
  3 porcupines
  12 ogres
  8 centaurs
  5 ice beasts
  6 crocodiles
  11 giant frogs
  3 big kobolds
  6 scorpions
  A water moccasin skeleton (D:7)
  A water moccasin zombie (D:9)
  3 wights (D:10)
  8 killer bees
  An electric eel (Lair:2)
  2 draconian simulacra (IceCv)
  4 giant frog zombies
  14 orc priests
  3 gnoll shamans (D:8)
  4 crimson imps
  2 centaur zombies
  6 jellies
  11 hounds
  Crazy Yiuf (D:6)
  9 worker ants
  A centaur skeleton (D:8)
  A giant frog skeleton (D:5)
  11 orc wizards
  Jessica (D:2)
  Terence (D:2)
  7 iguanas
  A spriggan simulacrum (IceCv)
  3 troll simulacra (IceCv)
  3 centaur simulacra (IceCv)
  A big kobold zombie (Ossuary)
  3 hound skeletons
  A hound zombie (D:5)
  5 mummies (Ossuary)
  16 adders
  9 gnolls (D:8)
  A shadow imp (D:6)
  An ogre simulacrum (IceCv)
  25 river rats
  6 oozes
  3 worms (D:2)
  6 giant geckos
  84 orcs
  2 ball pythons (D:3)
  19 bats
  9 giant cockroaches
  10 goblins
  8 hobgoblins
  9 jackals
  5 quokkas
  A giant gecko skeleton (D:4)
  7 giant newts
  3 hobgoblin zombies (Ossuary)
  A jackal skeleton (D:5)
  17 kobolds
  A quokka zombie (D:6)
  12 rats
524 creatures vanquished.

Vanquished Creatures (collateral kills)
  Grinder (D:3)
  A warg (D:11)
  The ghost of Goblin1989 the Cudgeler, an amateur DsAK of Lugonu (D:3)
  An orc priest (D:11)
  2 orcs
  2 kobolds (D:11)
8 creatures vanquished.

Vanquished Creatures (others)
  12 fungi
  11 plants
23 creatures vanquished.

Grand Total: 555 creatures vanquished

Notes
Turn   | Place    | Note
--------------------------------------------------------------
     0 | D:1      | Goblin1989 the Demonspawn Gladiator began the quest for the Orb.
     0 | D:1      | Reached XP level 1. HP: 16/16 MP: 1/1
    35 | D:1      | Found a sparkling altar of Nemelex Xobeh.
    82 | D:1      | Became a worshipper of Nemelex Xobeh the Trickster
   159 | D:1      | Reached skill level 3 in Polearms
   313 | D:1      | Gained mutation: You have sharp fingernails. [demonic ancestry]
   313 | D:1      | Reached XP level 2. HP: 19/22 MP: 2/2
   323 | D:1      | Received a gift from Nemelex Xobeh
   523 | D:1      | Reached skill level 1 in Unarmed Combat
   805 | D:2      | Gained mutation: You have very sharp fingernails. [demonic ancestry]
   805 | D:2      | Reached XP level 3. HP: 25/27 MP: 3/3
  1123 | D:2      | Found a deep blue altar of Sif Muna.
  1146 | D:2      | Noticed Terence
  1166 | D:2      | Killed Terence
  1210 | D:2      | Reached XP level 4. HP: 8/33 MP: 4/4
  1481 | D:2      | Reached * piety under Nemelex Xobeh
  1853 | D:2      | Noticed Jessica
  1865 | D:2      | Killed Jessica
  2038 | D:2      | Received a gift from Nemelex Xobeh
  2355 | D:2      | Gained mutation: You are immune to rotting. [demonic ancestry]
  2355 | D:2      | Reached XP level 5. HP: 38/38 MP: 5/5
  2495 | D:3      | Found a faded altar to an unknown god.
  2511 | D:3      | Reached skill level 4 in Unarmed Combat
  2570 | D:3      | Found a bloodstained altar of Trog.
  2617 | D:3      | HP: 1/38 [poisoned by a worker ant]
  2907 | D:3      | Reached ** piety under Nemelex Xobeh
  2994 | D:3      | Noticed Grinder
  2995 | D:3      | Paralysed by Grinder for 6 turns
  3016 | D:3      | Killed Grinder
  3016 | D:3      | Reached skill level 1 in Evocations
  3016 | D:3      | Gained mutation: When hurt, damage is shared between your health and your magic reserves. [demonic ancestry]
  3016 | D:3      | Reached XP level 6. HP: 44/44 MP: 6/6
  3071 | D:3      | Noticed Goblin1989's ghost (amateur DsAK)
  3080 | D:3      | Killed Goblin1989's ghost
  3080 | D:3      | Reached skill level 5 in Unarmed Combat
  3098 | D:3      | Received a gift from Nemelex Xobeh
  4105 | D:4      | Reached XP level 7. HP: 36/50 MP: 4/8
  4323 | D:4      | Reached skill level 6 in Unarmed Combat
  4678 | D:5      | Entered Level 5 of the Dungeon
  4937 | D:5      | Found a shattered altar of Ashenzari.
  5040 | D:5      | Found a sand-covered staircase.
  5088 | Ossuary  | Entered an ossuary
  5961 | D:5      | Reached skill level 7 in Unarmed Combat
  5961 | D:5      | Reached XP level 8. HP: 50/56 MP: 11/11
  6444 | D:5      | Reached *** piety under Nemelex Xobeh
  6522 | D:5      | Reached skill level 8 in Unarmed Combat
  6919 | D:6      | Noticed Edmund
  6933 | D:6      | Killed Edmund
  6933 | D:6      | Reached skill level 1 in Armour
  7392 | D:6      | Found a basalt altar of Yredelemnul.
  7392 | D:6      | Found a shadowy altar of Dithmenos.
  7392 | D:6      | Found a glowing silver altar of Zin.
  7392 | D:6      | Noticed Menkaure
  7601 | D:6      | Noticed Crazy Yiuf
  7612 | D:6      | Killed Crazy Yiuf
  7706 | D:6      | Reached skill level 9 in Unarmed Combat
  7735 | D:6      | Received a gift from Nemelex Xobeh
  7796 | D:6      | Gained mutation: You regenerate magic rapidly. [demonic ancestry]
  7796 | D:6      | Reached XP level 9. HP: 50/61 MP: 10/12
  8101 | D:7      | Got a slimy helmet
  8112 | D:7      | Identified the cursed -3 helmet of Apriemn {rC++} (You found it on level 7 of the Dungeon)
  8122 | D:7      | Found a sparkling altar of Nemelex Xobeh.
  8256 | D:7      | Found a staircase to the Ecumenical Temple.
  8309 | D:7      | Gained mutation: You occasionally shout uncontrollably at your foes. [mutagenic meat]
  8310 | D:7      | Gained mutation: Your spells are a little harder to cast, but a little more powerful. [mutagenic meat]
  8311 | D:7      | Gained mutation: You are weak. (Str -2) [mutagenic meat]
  8312 | D:7      | Gained mutation: Your magical capacity is low (-10% MP). [mutagenic meat]
  8313 | D:7      | Gained mutation: Your spells are harder to cast, but more powerful. [mutagenic meat]
  8314 | D:7      | Gained mutation: You can breathe flames. [mutagenic meat]
  8943 | D:8      | Reached skill level 10 in Unarmed Combat
  9133 | D:8      | Reached **** piety under Nemelex Xobeh
  9136 | D:8      | Noticed Goblin1989's ghost (novice GrFi)
  9222 | D:8      | Reached skill level 10 in Conjurations
  9222 | D:8      | Gained mutation: You may emit foul miasma when damaged in melee. [demonic ancestry]
  9222 | D:8      | Reached XP level 10. HP: 70/70 MP: 11/11
  9248 | D:8      | Killed Goblin1989's ghost
  9285 | D:8      | Reached skill level 5 in Armour
 10114 | D:8      | Gained mutation: You have claws for hands. [demonic ancestry]
 10114 | D:8      | Reached XP level 11. HP: 51/77 MP: 8/12
 11406 | D:8      | Reached skill level 5 in Fighting
 11828 | D:9      | Received a gift from Nemelex Xobeh
 11915 | D:9      | HP: 3/80 [yak (2)]
 11920 | D:9      | HP: 2/80 [poisoned by a killer bee]
 11926 | D:9      | HP: 2/80 [poisoned by a killer bee]
 11932 | D:9      | HP: 2/80 [poisoned by a killer bee]
 12414 | D:9      | Found Joco's Gadget Shop.
 12444 | D:9      | Got a citrine-encrusted scale mail
 12455 | D:9      | Identified the +4 scale mail of Temperance {rN+ MP+9 Dex+3 Stlth+} (You found it on level 9 of the Dungeon)
 12480 | D:9      | Noticed Psyche
 12486 | D:9      | Killed Psyche
 12554 | D:9      | Received a gift from Nemelex Xobeh
 12802 | D:10     | Entered Level 10 of the Dungeon
 12832 | D:10     | Found a staircase to the Orcish Mines.
 13267 | D:10     | Received a gift from Nemelex Xobeh
 13410 | D:10     | Found a burning altar of Makhleb.
 13509 | D:10     | Reached ***** piety under Nemelex Xobeh
 13632 | Orc:1    | Entered Level 1 of the Orcish Mines
 13669 | Orc:1    | Received a gift from Nemelex Xobeh
 13744 | Orc:1    | Found a frozen archway.
 13758 | IceCv    | Entered an ice cave
 14378 | IceCv    | Reached skill level 11 in Unarmed Combat
 14961 | IceCv    | Noticed a necromancer
 14967 | IceCv    | Killed a necromancer
 14967 | IceCv    | Gained mutation: You are partially covered in slimy green scales (AC +2). [demonic ancestry]
 14967 | IceCv    | Reached XP level 12. HP: 86/91 MP: 13/13
 15348 | Orc:1    | Noticed Erica
 15369 | Orc:1    | Killed Erica
 15647 | Orc:2    | crauler: хехе, с немелексом играешь в 0.17
 15647 | Orc:2    | Goblin1989: а что не так?
 15647 | Orc:2    | crauler: ну не в транк
 15647 | Orc:2    | Goblin1989: это жутко неудачный ран
 15647 | Orc:2    | Goblin1989: я зелье экспириенса не тута выпил
 15647 | Orc:2    | Goblin1989: я не люблю транк
 15647 | Orc:2    | crauler: лол
 15647 | Orc:2    | crauler: 10.4 кожур это пот экспы?
 15647 | Orc:2    | Goblin1989: да вообще ппц
 15647 | Orc:2    | Goblin1989: ну да
 15647 | Orc:2    | Goblin1989: мне кошара помешал
 15647 | Orc:2    | Goblin1989: я не ту кнопку жмакнул, а он решил по клаве прогуляться
 15647 | Orc:2    | Goblin1989: ппц
 15657 | Orc:2    | Received a gift from Nemelex Xobeh
 16666 | D:11     | Gained mutation: You are resistant to electric shocks. [potion of mutation]
 16666 | D:11     | Gained mutation: Your body sometimes deteriorates upon taking damage. [potion of mutation]
 16672 | D:11     | Gained mutation: Your system is resistant to poisons. [potion of mutation]
 16672 | D:11     | Gained mutation: Your flesh is cold resistant. [potion of mutation]
 16680 | D:11     | Found a staircase to the Lair.
 16736 | D:11     | Lost mutation: Your magical capacity is low (-10% MP). [mutagenic meat]
 16737 | D:11     | Lost mutation: You are weak. (Str -2) [mutagenic meat]
 16738 | D:11     | Gained mutation: You are dopey. (Int -2) [mutagenic meat]
 17210 | D:11     | Received a gift from Nemelex Xobeh
 17660 | Lair:1   | Entered Level 1 of the Lair of Beasts
 18225 | Lair:1   | Received a gift from Nemelex Xobeh
 19489 | Lair:2   | Received a gift from Nemelex Xobeh
 19512 | Lair:2   | Reached skill level 5 in Evocations
 19512 | Lair:2   | Gained mutation: When low on magic, you restore magic in place of health. [demonic ancestry]
 19512 | Lair:2   | Reached XP level 13. HP: 91/103 MP: 12/16
 19893 | Lair:2   | Reached skill level 10 in Fighting
 20313 | Lair:3   | Received a gift from Nemelex Xobeh
 20378 | Lair:3   | Reached skill level 10 in Armour
 20725 | Lair:3   | Learned a level 1 spell: Apportation
 20730 | Lair:3   | Learned a level 4 spell: Passage of Golubria
 21196 | Lair:4   | Reached ****** piety under Nemelex Xobeh
 21269 | Lair:4   | HP: 2/103 [eight-headed hydra (6)]
 21269 | Lair:4   | Mangled by an eight-headed hydra

Action                   |  1- 3 |  4- 6 |  7- 9 | 10-12 | 13-15 || total
-------------------------+-------+-------+-------+-------+-------++-------
Melee: Trident           |   146 |       |       |       |       ||   146
       Unarmed           |     1 |   214 |   500 |  1097 |   148 ||  1960
       Scimitar          |       |       |       |       |     2 ||     2
Invok: Triple Draw       |       |       |     1 |       |       ||     1
 Abil: Breathe Fire      |       |       |       |     1 |       ||     1
Evoke: Deck              |     1 |     1 |     4 |     7 |       ||    13
       Wand              |       |       |     1 |     3 |       ||     4
       Sack of spiders   |       |       |       |     3 |       ||     3
  Use: Potion            |       |     2 |     6 |     9 |       ||    17
       Scroll            |       |       |    14 |     6 |     3 ||    23
 Stab: Sleeping          |     1 |       |       |       |       ||     1
       Invisible         |       |       |     4 |       |       ||     4
  Eat: Chunk             |     1 |     9 |    16 |    27 |     3 ||    56
       Meat ration       |       |       |     1 |     1 |     1 ||     3
       Beef jerky        |       |       |     1 |       |       ||     1
       Pizza             |       |       |     1 |     1 |       ||     2
       Fruit             |       |       |       |     3 |       ||     3
       Royal jelly       |       |       |       |     1 |       ||     1
